Unix NetHack Version 3.7.0-65 Work-in-progress - last build Oct 10 2022 05:34:18 (2afc5cfc90f7ecdc2856d9919a2295b875398e55,branch:master). Game began 2022-10-22 20:41:01, ended 2022-10-22 21:37:33. Gandelf, neutral male human Monk ------------.- ################-............| ## |............| ------ %-............| #.<...| #|.[.....%....| #|....| #|............| ##|....| #-----|-------- ## --.-- #[## ##### ## # # ### ## ## # ## # # # #[# # # # ----.-------- # # --.----# |...........| # # ......|# |...........|## # |...f.|# |...........-# -.------- -...Y@-% |.......*...| |.......| |.....| |...........| |.......| ------- ------------- |...)..S| --------- Gandelf the Initiate St:17 Dx:13 Co:14 In:11 Wi:13 Ch:10 Neutral S:4245 Dlvl:8 $:293 HP:0(49) Pw:42(42) AC:2 Xp:7/898 T:3990 Satiated Burdened Latest messages: The Woodland-elf starts to attack you, but pulls back. The Woodland-elf starts to attack you, but pulls back. You finish your prayer. You feel that Chih Sung-tzu is well-pleased. You feel much better. You hit the Woodland-elf! The Woodland-elf swings her runed broadsword. The Woodland-elf hits! You kill the Woodland-elf! There are several objects here. Ed eats a rothe corpse. The monkey misses! The monkey misses! You hit the monkey! The monkey misses! The monkey bites! You hit the monkey! The monkey misses! The monkey bites! You kill the monkey! You see here a monkey corpse. What do you want to throw? [$eD or ?*] * In what direction? h The kitten devours an uncursed fortune cookie. The kitten misses the rothe. You hit the rothe! The kitten bites the rothe. The rothe misses the kitten. The rothe bites the kitten. The rothe bites the kitten. You hit the rothe! The rothe hits! The rothe just misses! The rothe bites! You kill the rothe! The kitten eats a rothe corpse. The owlbear hits! The owlbear hits! The owlbear grabs you! You hit the owlbear! You hit the owlbear! The owlbear hits! The owlbear hits! You are being crushed. You die... Do you want your possessions identified? [ynq] (y) y Do you want to see your attributes? [ynq] (y) y Do you want an account of creatures vanquished? [ynaq] (y) y Do you want to see your conduct and achievements? [ynq] (y) y Do you want to see the dungeon overview? [ynq] (y) y Inventory: Coins $ - 293 gold pieces Weapons e - 8 +0 daggers (at the ready) D - a +0 orcish dagger Armor Z - an uncursed +0 elven leather helm (being worn) M - an uncursed +2 pair of leather gloves (being worn) S - an uncursed +0 pair of jumping boots l - an uncursed +0 pair of speed boots (being worn) W - an uncursed +0 cloak of displacement b - an uncursed +1 robe (being worn) Comestibles g - 4 uncursed apples K - an uncursed candy bar labeled "Fruity Oaty" f - 2 uncursed food rations X - 2 uncursed food rations i - 5 uncursed fortune cookies p - an uncursed fortune cookie h - 6 uncursed oranges Scrolls v - an uncursed scroll of amnesia B - an uncursed scroll of blank paper V - an uncursed scroll of confuse monster u - a blessed scroll of create monster C - a cursed scroll of create monster z - an uncursed scroll of destroy armor t - an uncursed scroll of enchant armor w - an uncursed scroll of genocide A - an uncursed scroll of gold detection m - a blessed scroll of identify r - 2 uncursed scrolls of identify x - 2 blessed scrolls of magic mapping y - a blessed scroll of remove curse Y - an uncursed scroll of remove curse d - an uncursed scroll of scare monster s - an uncursed scroll of teleportation Spellbooks G - an uncursed spellbook of blank paper H - an uncursed spellbook of charm monster c - a blessed spellbook of confuse monster R - an uncursed spellbook of force bolt O - a blessed spellbook of levitation Potions o - an uncursed potion of levitation P - an uncursed potion of object detection T - an uncursed potion of object detection F - an uncursed potion of water L - 6 uncursed potions of water Rings k - a cursed ring of aggravate monster J - an uncursed ring of poison resistance Wands I - a wand of magic missile (0:4) Q - a cursed wand of magic missile (0:2) E - a wand of secret door detection (0:15) Tools n - a cursed brass lantern j - a magic marker (0:63) a - an uncursed magic whistle q - an uncursed stethoscope Gems/Stones N - an uncursed topaz stone U - an uncursed worthless piece of blue glass Gandelf the Monk's attributes: Background: You were an Initiate, a level 7 male human Monk. You were neutral, on a mission for Chih Sung-tzu who was opposed by Shan Lai Ching (lawful) and Huan Ti (chaotic). You were in the Dungeons of Doom, on level 8. You entered the dungeon 3990 turns ago. You had 898 experience points, 382 more were needed to attain level 8. Your score was 4245 before end-of-game adjustments. Basics: You had 0 out of 49 hit points. You had all 42 energy points (spell power). Your armor class was 2. Your wallet contained 293 zorkmids. Autopickup was off. Final Characteristics: Your strength was 17 (limit:18/100). Your dexterity was 13 (limit:18). Your constitution was 14 (limit:18). Your intelligence was 11 (limit:18). Your wisdom was 13 (limit:18). Your charisma was 10 (limit:18). Final Status: You were held by an owlbear (west). You were satiated. You were burdened; movement was slightly slowed. You were empty handed. You had basic skill with martial arts and could have enhanced that. Final Attributes: You were piously aligned. You were sleep resistant. You were poison resistant. You saw invisible. You were warned. You were stealthy. You were guarded. You were very fast. You are dead. Miscellaneous: You encountered 1 bones level. Total elapsed playing time was 35 minutes and 3 seconds. Major events: Turn 1: Gandelf the neutral male human Monk entered the dungeon 842: attained the rank of Novice (level 3) 1697: entered the Gnomish Mines 2229: attained the rank of Initiate (level 6) 2856: read a Discworld novel 3421: destroyed Gandelf's ghost, the former Novice 3990: killed by an owlbear Vanquished creatures: a ghost a small mimic a giant beetle a raven a gnome mummy a Woodland-elf a bugbear a wood nymph a rock piercer 2 gnome leaders 2 giant ants a floating eye 6 dwarves a homunculus 15 hill orcs 4 rothes a monkey a wererat a werejackal an iguana a killer bee 2 hobbits a manes a hobgoblin a cave spider a brown mold a yellow mold a green mold 17 gnomes a gnome zombie 2 geckos 6 jackals 2 kobolds a goblin 4 sewer rats 8 grid bugs 4 lichens 3 newts 101 creatures vanquished. No species were genocided or became extinct. Voluntary challenges: You followed a strict vegan diet. You never hit with a wielded weapon. You read items or engraved 5 times. You never engraved Elbereth. You never genocided any monsters. You never polymorphed an object. You never changed form. You used no wishes. Achievements: You entered a shop. You attained the rank of Novice. You entered the Gnomish Mines. You attained the rank of Initiate. You read from a Discworld novel. The Dungeons of Doom: levels 1 to 8 Level 1: Many fountains, a grave. Level 2: A scroll shop. Level 3: A general store. Level 4: An armor shop. Stairs down to The Gnomish Mines. Level 5: A general store, a fountain, a sink. Level 6: A sink. Level 7: An altar to Chih Sung-tzu, a fountain. Final resting place for Gandelf-Mon-Hum-Mal-Neu, killed by a hill orc. Level 8: <- You were here. Final resting place for you, killed by an owlbear. The Gnomish Mines: levels 5 to 8 Level 5: Level 6: Level 7: Level 8: Game over: ---------- / \ / REST \ / IN \ / PEACE \ / \ | Gandelf | | 293 Au | | killed by an | | owlbear | | | | | | 2022 | *| * * * | * _________)/\\_//(\/(/\)/\//\/|_)_______ Goodbye Gandelf the Monk... You died in The Dungeons of Doom on dungeon level 8 with 4216 points, and 293 pieces of gold, after 3990 moves. You were level 7 with a maximum of 49 hit points when you died.